 Dungeon Crawl Stone Soup version 0.15.0-25-gd84c1e8 (webtiles) character file.

228 LordSUSHI the Chopper (level 5, -5/41 HPs)
             Began as a Demonspawn Berserker on Sept 10, 2014.
             Was a Believer of Trog.
             Slain by Menkaure (11 damage)
             ... on Level 4 of the Dungeon.
             The game lasted 00:23:13 (3554 turns).

LordSUSHI the Chopper (Demonspawn Berserker)        Turns: 3554, Time: 00:23:14

HP  -5/41        AC  3     Str 19      XL: 5   Next: 70%
MP   5/5         EV 12     Int  8      God: Trog [**....]
Gold 197         SH  0     Dex 12      Spells:  0 memorised,  4 levels left

rFire  x . .     SeeInvis .     a - +0 hand axe
rCold  + . .     Clarity  .     b - +0 animal skin
rNeg   . . .     rCorr    .     (no shield)
rPois  .         rRot     .     (no helmet)
rElec  .         Spirit   .     (no cloak)
SustAb .         Warding  .     o - +0 pair of gloves
rMut   .         Stasis   .     (no boots)
Gourm  .                        y - amulet of faith
MR     .....                    (no ring)
                                n - ring of ice

@: not resistant to hostile enchantments, very unstealthy
A: talons 2
a: Burn Spellbooks, Berserk, Trog's Hand, Renounce Religion


You were on level 4 of the Dungeon.
You worshipped Trog.
Trog was pleased with you.
You were not hungry.

You visited 1 branch of the dungeon, and saw 4 of its levels.

You collected 197 gold pieces.

Inventory:

Hand weapons
 a - a +0 hand axe (weapon)
 q - a +1 short sword of protection
 v - a +2 short sword of venom
Armour
 b - a +0 animal skin (worn)
 o - a +0 pair of gloves (worn)
Comestibles
 c - 3 bread rations
 h - 2 slices of pizza
Scrolls
 d - a scroll of enchant armour {unknown}
 f - a scroll of amnesia {unknown}
 g - 2 scrolls of teleportation
 j - a scroll of identify
 r - 3 scrolls of enchant weapon {unknown}
 w - a scroll of magic mapping {unknown}
Jewellery
 n - a ring of ice (left hand)
 p - an uncursed ring of regeneration
 y - an amulet of faith (around neck)
 z - an uncursed ring of protection from fire {unknown}


   Skills:
 - Level 3.1 Fighting
 + Level 5.7 Axes
 + Level 2.0 Armour
 - Level 1.7 Dodging
 - Level 0.2 Stealth


You had 4 spell levels left.
You didn't know any spells.

Dungeon Overview and Level Annotations

Branches:
Dungeon (4/15)
 Temple: D:4-7

Altars:
Makhleb
Nemelex Xobeh
Yredelemnul

Annotations:
D:4 Menkaure


Innate Abilities, Weirdness & Mutations

You have razor-sharp toenails.


Message History

Menkaure is moderately damaged.
Menkaure calls on the powers of darkness!
Your body is wracked with pain!
You hit Menkaure. Your kick misses Menkaure.
Menkaure is heavily damaged.
Menkaure points at you and mumbles some strange words.
Pain shoots through your body!
* * * LOW HITPOINT WARNING * * *
You hit Menkaure. Your kick misses Menkaure.
Menkaure is heavily damaged.
Menkaure misses you.
You barely miss Menkaure. You claw Menkaure, but do no damage.
Menkaure is heavily damaged.
Menkaure calls on the powers of darkness!
Your body is wracked with pain!
* * * LOW HITPOINT WARNING * * *
You hit Menkaure but do no damage. You claw Menkaure.
Menkaure is severely damaged.
Menkaure hits you!
You die...

##. #...8..... #..
#.......... ###..
#.......# .....#
#...#...# # ......##
#..## ## ..
.......###>.# ..
............### .#
##.........(####..#
#.........).M@..#
#...............##
#................#
#............[......
....#..####...........
..####..# #.....#....
# #..# ...>.###.. #..#
.....## # ##.. .....#


You could see Menkaure.

Vanquished Creatures
  An ice beast (D:3)
  A hound (D:2)
  A gnoll (D:1)
  An adder (D:2)
  A giant mite (D:1)
  A worm (D:2)
  An orc zombie (D:4)
  An adder zombie (D:4)
  4 giant geckos
  9 bats
  2 giant cockroaches (D:1)
  2 gnoll zombies (D:2)
  7 hobgoblins
  10 jackals
  3 giant newts
  7 goblins
  12 kobolds
  3 rats
  A rat zombie (D:4)
68 creatures vanquished.

Notes
Turn   | Place    | Note
--------------------------------------------------------------
     0 | D:1      | LordSUSHI, the Demonspawn Berserker, began the quest for the Orb.
     0 | D:1      | Reached XP level 1. HP: 18/18 MP: 1/1
    68 | D:1      | Gained mutation: You have sharp toenails. [demonic ancestry]
    68 | D:1      | Reached XP level 2. HP: 16/24 MP: 2/2
   437 | D:1      | Reached XP level 3. HP: 25/29 MP: 3/3
  1201 | D:2      | Found a burning altar of Makhleb.
  1207 | D:2      | Reached skill level 4 in Axes
  1257 | D:2      | Reached XP level 4. HP: 31/35 MP: 4/4
  1343 | D:2      | Acquired Trog's second power
  2139 | D:2      | Found a basalt altar of Yredelemnul.
  2853 | D:3      | Found a sparkling altar of Nemelex Xobeh.
  2944 | D:3      | Reached skill level 5 in Axes
  3126 | D:3      | Noticed an ice beast
  3147 | D:3      | Killed an ice beast
  3147 | D:3      | Gained mutation: You have razor-sharp toenails. [demonic ancestry]
  3147 | D:3      | Reached XP level 5. HP: 9/41 MP: 5/5
  3523 | D:4      | Noticed Menkaure
  3554 | D:4      | Slain by Menkaure

Action                   |  1- 3 |  4- 6 || total
-------------------------+-------+-------++-------
Melee: Hand axe          |    77 |   142 ||   219
  Use: Potion            |       |     5 ||     5
       Scroll            |       |     3 ||     3
  Eat: Chunk             |     1 |     3 ||     4
       Meat ration       |       |     1 ||     1
       Beef jerky        |       |     1 ||     1
